 Dungeon Crawl Stone Soup version 0.21-a0-504-g2eda330 (webtiles) character file.

169 esteth the Skirmisher (level 5, 0/43 HPs)
             Began as a Formicid Abyssal Knight on Nov 26, 2017.
             Was a Believer of Lugonu.
             Succumbed to a worker ant's poison
             ... on level 4 of the Dungeon.
             The game lasted 00:07:23 (3337 turns).

esteth the Skirmisher (Formicid Abyssal Knight)     Turns: 3337, Time: 00:07:24

Health: 0/43       AC:  6    Str: 16 (17) XL:     5   Next: 79%
Magic:  8/8        EV: 10    Int: 11 (12) God:    Lugonu [**....]
Gold:   179        SH:  0    Dex:  7 (10) Spells: 4/4 levels left

rFire    . . .     SeeInvis +   a - +1 spear
rCold    . . .     Gourm    .   (no shield)
rNeg     . . .     Faith    .   i - +0 ring mail
rPois    .         Spirit   .   (helmet unavailable)
rElec    .         Reflect  .   (no cloak)
rCorr    .         Harm     .   e - +0 pair of gloves
MR       .....                  (no boots)
Stlth    ..........             (no amulet)
HPRegen  0.14/turn              (no ring)
MPRegen  0.11/turn              (no ring)

@: lethally poisoned (0 -> -15)
A: permanent stasis, dig shafts and tunnels, four strong arms, antennae 3
a: Dig, Shaft Self, Depart the Abyss, Bend Space, Renounce Religion


You were on level 4 of the Dungeon.
You worshipped Lugonu.
Lugonu was pleased with you.
You were not hungry.

You visited 1 branch of the dungeon, and saw 4 of its levels.
You visited the Abyss 1 time.

You collected 179 gold pieces.

Inventory:

Hand Weapons
 a - a +1 spear (weapon)
Armour
 b - a +0 leather armour
 e - a +0 pair of gloves (worn)
 i - a +0 ring mail (worn)
Wands
 g - a wand of flame (17)
 l - a wand of iceblast (9)
Scrolls
 f - 4 scrolls of identify
 h - a scroll of magic mapping {unknown}
 k - a scroll of noise {unknown}
 n - 2 scrolls of blinking {unknown}
 p - a scroll of amnesia {unknown}
 q - a scroll of enchant weapon {unknown}
Potions
 d - a potion of degeneration
Comestibles
 c - 2 bread rations
 j - 6 fruits
 o - a meat ration
 r - 7 chunks of flesh


   Skills:
 + Level 4.6 Fighting
 + Level 3.4 Polearms
 - Level 2.1 Armour
 - Level 0.8 Dodging
 + Level 4.2 Invocations


You had 4 spell levels left.
You didn't know any spells.

Dungeon Overview and Level Annotations

Branches:
Dungeon (4/15)
 Temple: D:4-7

Altars:
Qazlal
Ru


Innate Abilities, Weirdness & Mutations

You cannot be hasted, slowed, berserked, paralysed or teleported.
You can dig through walls and to a lower floor.
Your four strong arms can wield two-handed weapons with a shield.
You have a pair of large antennae on your head. (SInv)


Message History

You barely miss the worker ant.
The worker ant is almost dead.
* * * LOW HITPOINT WARNING * * *
You feel sick. The worker ant bites you.
* * * LOW HITPOINT WARNING * * *
You are more poisoned.
The worker ant poisons you!
It was a potion of degeneration.
There was something very wrong with that liquid.
You feel weakened.
You feel dopey.
You feel clumsy.
* * * LOW HITPOINT WARNING * * *
You feel sick. The worker ant barely misses you.
The worker ant bites you but does no damage.
It was a potion of magic.
Magic courses through your body.
* * * LOW HITPOINT WARNING * * *
You feel sick. The worker ant barely misses you.
You hit the worker ant.
You kill the worker ant!
Lugonu accepts your kill.
You die...

#.... #.... #.# [..
#.... #.# .... # #....
#.# ###....
#.#....####.## .......
.............# ......#
#.....###..# ......#
#....)<##..##......#
##.....@†...!......#
#.%.)##.###..#########
.... ...........
..?.....####.####
......... ...
........# #.##
.......# #.# ........
..#


There were no monsters in sight!

Vanquished Creatures
  A worker ant (D:4)
  Robin (D:3)
  5 adders
  2 oozes
  2 worms
  2 dart slugs (D:1)
  2 leopard geckos
  An orc (D:3)
  6 bats
  6 giant cockroaches
  18 goblins
  3 hobgoblins
  4 jackals
  3 frilled lizards
  3 kobolds
  8 rats
67 creatures vanquished.

Notes
Turn   | Place    | Note
-------+----------+-------------------------------------------
     0 | Abyss:1  | esteth the Formicid Abyssal Knight began the quest for the Orb.
     0 | Abyss:1  | Reached XP level 1. HP: 18/18 MP: 2/2
    71 | Abyss:1  | Noticed a small abomination
    89 | Abyss:1  | Noticed a large abomination
    90 | Abyss:1  | Found an opulent altar of Gozag.
   100 | D:1      | Escaped the Abyss
   356 | D:1      | Reached XP level 2. HP: 20/24 MP: 3/3
   471 | D:1      | Reached * piety under Lugonu
   776 | D:1      | Reached XP level 3. HP: 30/30 MP: 5/5
  1175 | D:2      | Found a stormy altar of Qazlal.
  1358 | D:2      | Reached XP level 4. HP: 32/37 MP: 6/6
  1475 | D:2      | Found a sacrificial altar of Ru.
  1890 | D:3      | Found a faded altar of an unknown god.
  2048 | D:3      | Reached ** piety under Lugonu
  2125 | D:3      | Reached XP level 5. HP: 26/42 MP: 7/7
  2993 | D:4      | Noticed Robin
  3139 | D:3      | Killed Robin
  3336 | D:4      | HP: 1/43 [poisoned by a worker ant]
  3337 | D:4      | Succumbed to a worker ant's poison

Vault maps used:
D:1:      tarquinn_simple_flora_water_f
D:2:      nicolae_overflow_crystal_walls, marbit_many_paths
D:3:      chequers_ecumenical_altar_island
D:4:      uniq_robin

Skill      XL: |  1  2  3  4  5 |
---------------+----------------+-----
Invocations    | 3 4 |  4.2
Fighting       | 4 |  4.6
Polearms       | 3 |  3.4
Armour         | |  2.1
Dodging        | |  0.8

Action                   |  1- 3 |  4- 6 || total
-------------------------+-------+-------++-------
Melee: Spear             |    95 |   169 ||   264
Invok: Depart the Abyss  |     1 |       ||     1
 Abil: Dig               |       |     1 ||     1
  Use: Scroll            |       |     2 ||     2
       Potion            |       |     2 ||     2
  Eat: Chunk             |     1 |     4 ||     5
       Bread ration      |       |     1 ||     1
Armor: Leather armour    |     8 |       ||     8
       Ring mail         |    12 |    91 ||   103
Dodge: Dodged            |    44 |   104 ||   148

Table legend:
 A = Spawn XP
 B = Non-spawn XP
 C = Spawn XP percentage of total XP
 D = Spawn monster count
 E = Non-spawn monster count
 F = Spawn count percentage of total count
 G = Total turns spent on level
                    A         B        C        D         E        F      G
               +---------+---------+-------+---------+---------+-------+---------
         Total |       0 |     242 |   0.0 |       0 |      67 |   0.0 |  3337
               +---------+---------+-------+---------+---------+-------+---------
           D:1 |       0 |      32 |   0.0 |       0 |      13 |   0.0 |   853
           D:2 |       0 |      55 |   0.0 |       0 |      17 |   0.0 |   854
           D:3 |       0 |     117 |   0.0 |       0 |      33 |   0.0 |  1469
           D:4 |       0 |      38 |   0.0 |       0 |       4 |   0.0 |    61
               +---------+---------+-------+---------+---------+-------+---------
